 Dungeon Crawl Stone Soup version 0.28-a0-479-g5baa6b73be (webtiles) character file.

Game seed: 9405995555322408732

14939 robertstho the Grappler (level 11, -1/109 HPs)
             Began as a Troll Berserker on Sept 16, 2021.
             Was an Elder of Trog.
             Slain by a five-headed hydra (9 damage)
             ... on level 2 of the Lair of Beasts on Sept 17, 2021.
             The game lasted 00:14:35 (8509 turns).

robertstho the Grappler (Troll Berserker)           Turns: 8509, Time: 00:14:37

Health: -1/109     AC:  7    Str: 28    XL:     11   Next: 95%
Magic:  10/10      EV: 12    Int:  5    God:    Trog [****..]
Gold:   1060       SH:  0    Dex: 15    Spells: 10/10 levels left

rFire   . . .      SeeInvis .   A - +5 executioner's axe (flame)
rCold   + . .      Faith    .   (shield currently unavailable)
rNeg    . . .      Spirit   .   z - +0 troll leather armour
rPois   .          Reflect  .   (helmet restricted)
rElec   .          Harm     .   q - +0 cloak
rCorr   .          Rampage  .   (gloves unavailable)
Will    ++...                   (boots unavailable)
Stlth   ++........              (no amulet)
HPRegen 3.28/turn               x - ring of protection from cold
MPRegen 0.12/turn               m - +6 ring of dexterity

@: lethally poisoned (-1 -> -2), strong-willed, on berserk cooldown,
regenerating, slowed, very slow
A: large, unfitting armour, claws 3, regeneration 1, shaggy fur 1, tough skin 1
a: Renounce Religion, Berserk, Trog's Hand, Brothers in Arms


You were on level 2 of the Lair of Beasts.
You worshipped Trog.
Trog was greatly pleased with you.
You visited 2 branches of the dungeon, and saw 12 of its levels.

You collected 1298 gold pieces.
You spent 238 gold pieces at shops.

Inventory:

Hand Weapons
 A - a +5 executioner's axe of flaming (weapon)
Missiles
 n - 5 large rocks (quivered)
 v - 2 throwing nets
Armour
 q - a +0 cloak (worn)
 z - a +0 troll leather armour (worn)
Jewellery
 g - a ring of positive energy
 m - a +6 ring of dexterity (right claw)
 x - a ring of protection from cold (left claw)
 y - a ring of ice
Wands
 a - a wand of iceblast (12)
 B - a wand of acid (8)
Scrolls
 b - 4 scrolls of fog
 c - a scroll of blinking {unknown}
 d - 2 scrolls of torment {unknown}
 f - a scroll of noise {unknown}
 h - a scroll of identify
 k - 3 scrolls of teleportation
 l - 3 scrolls of enchant weapon
 o - 2 scrolls of magic mapping
 p - 3 scrolls of amnesia {unknown}
 u - a scroll of vulnerability
Potions
 i - 2 potions of mutation
 j - 2 potions of resistance
 r - 3 potions of lignification
 s - a potion of ambrosia
 t - a potion of brilliance {unknown}
 w - a potion of flight


   Skills:
 * Level 7.2 Fighting
 + Level 5.8 Axes
 + Level 3.3 Armour
 + Level 5.7 Dodging
 + Level 2.4 Stealth
 * Level 13.7 Unarmed Combat


You had 10 spell levels left.
You didn't know any spells.
Your spell library was empty.

Dungeon Overview and Level Annotations

Branches:
Dungeon (10/15)            Temple (0/1) D:5            Lair (2/6) D:10
  Swamp: Lair:2-4    Shoals: Lair:2-4     Snake: Lair:2-4    Spider: Lair:2-4
    Orc: D:9-12

Altars:
Elyvilon
Fedhas
Ru
Wu Jian
Yredelemnul
Zin
Beogh

Shops:
D:3 =   D:5 [!![   D:7 =   D:9 :   D:10 *

Annotations:
D:4 3 runed translucent doors, CraigForest's ghost, amateur DDNe
D:5 3 runed translucent doors, HuGe's ghost, amateur HOBe
Lair:2 exclusion: 2 oklob plants


Innate Abilities, Weirdness & Mutations

You are too large for most types of armour.
You have claws for hands.
Your natural rate of healing is unusually fast.
You are covered in fur. (AC +1)
You have tough skin. (AC +1)


Message History

You are exhausted.
You feel yourself slow down.
You feel much better.
You feel sick. The cane toad closely misses you.
The cane toad stings you but does no damage.
Aiming: Corrosive Bolt
Press: ? - help, Shift-Dir - straight line, f - cane toad
Aim: a cane toad (75% to hit)
The bolt of acid misses the cane toad.
You feel sick. The cane toad stings you.
* * * LOW HITPOINT WARNING * * *
The cane toad stings you.
* * * LOW HITPOINT WARNING * * *
As you read the scroll of teleportation, it crumbles to dust.
You feel strangely unstable.
You feel sick.
You are no longer poisoned.
The cane toad closely misses you. The cane toad stings you!
* * * LOW HITPOINT WARNING * * *
You are poisoned.
The cane toad poisons you!
You feel much better.
Your surroundings suddenly seem different.
A five-headed hydra comes into view.
You feel extremely sick.
Your skin crawls.
You feel strong-willed. Trog will no longer gift you weapons.
You feel very sick.
Your ogre goes berserk!
You feel very sick. The five-headed hydra bites you!
* * * LOW HITPOINT WARNING * * *
The five-headed hydra barely misses you.
The five-headed hydra bites you but does no damage.
The five-headed hydra barely misses you.
The five-headed hydra closely misses you.
The five-headed hydra bites you!
* * * LOW HITPOINT WARNING * * *
The five-headed hydra misses you. The five-headed hydra bites you!
* * * LOW HITPOINT WARNING * * *
The five-headed hydra bites you!
You die...

###...#...##..P
......#.#.#P...
..............
#.#P.......## .
............ #..
#........#
#..P.#D......##
......O@.......
...P..###..P#.#
..... ..... ###.
##.# .. .
#.##.#...P#P....#
#................ .
##.#.P.P...#.#..###.
#..................


You could see a five-headed hydra (ally target) and a friendly ogre (summoned,
berserk).

Vanquished Creatures
  A hydra (Lair:2)
  A two-headed ogre (D:10)
  A black mamba (Lair:1)
  An elephant (Lair:2)
  3 cane toads
  A rime drake (Lair:2)
  2 trolls (D:9)
  2 hornets
  A blink frog (Lair:1)
  Sigmund (D:3)
  A wyvern (D:8)
  5 yaks
  6 ice beasts
  8 water moccasins
  3 orc warriors
  3 sky beasts
  2 ogres (D:4)
  4 necrophages
  5 centaurs
  7 wolves
  2 kobold brigands
  8 bullfrogs
  A scorpion (D:5)
  A gnoll sergeant (D:9)
  A wyvern skeleton (D:5)
  9 killer bees
  4 wights
  An electric eel (D:10)
  2 howler monkeys (D:7)
  2 centaur zombies
  A jelly (D:5)
  5 hounds
  11 orc priests
  2 bullfrog skeletons (D:5)
  2 centaur skeletons
  4 iguanas
  17 orc wizards
  2 killer bee zombies
  A hound skeleton (D:4)
  A killer bee simulacrum (D:8)
  A howler monkey zombie (D:8)
  4 adders
  12 gnolls
  2 shadow imps
  3 white imps (D:8)
  2 ufetubi
  An adder skeleton (D:4)
  An adder zombie (D:5)
  2 worms
  A dart slug (D:1)
  34 orcs
  7 ball pythons
  5 bats
  5 endoplasms
  4 giant cockroaches
  8 goblins
  10 hobgoblins
  2 quokkas
  2 frilled lizards
  10 kobolds
  8 rats
259 creatures vanquished.

Vanquished Creatures (collateral kills)
  A catoblepas (Lair:2)
  An elephant (Lair:2)
  A black mamba (Lair:2)
  2 cane toads (Lair:2)
  3 blink frogs (Lair:1)
  4 yaks (Lair:2)
  A bullfrog (Lair:2)
  2 butterflies (Lair:1)
15 creatures vanquished.

Vanquished Creatures (others)
  3 fungi (Lair:2)
  45 plants
48 creatures vanquished.

Grand Total: 322 creatures vanquished

Notes
Turn   | Place    | Note
-------+----------+-------------------------------------------
     0 | D:1      | robertstho the Troll Berserker began the quest for the Orb.
     0 | D:1      | Reached XP level 1. HP: 22/22 MP: 0/0
   235 | D:1      | Reached XP level 2. HP: 29/29 MP: 1/1
   419 | D:1      | Found a faded altar of an unknown god.
   554 | D:1      | Reached ** piety under Trog
   792 | D:1      | Reached XP level 3. HP: 36/36 MP: 2/2
  1213 | D:2      | Reached skill level 4 in Unarmed Combat
  1723 | D:3      | Noticed Sigmund
  1736 | D:3      | Killed Sigmund
  1737 | D:3      | Reached skill level 5 in Unarmed Combat
  1737 | D:3      | Reached XP level 4. HP: 26/45 MP: 3/3
  1737 | D:3      | Reached XP level 5. HP: 31/53 MP: 4/4
  1854 | D:3      | Found Pesed's Jewellery Shop.
  2022 | D:3      | Reached XP level 6. HP: 56/61 MP: 5/5
  2291 | D:3      | Reached *** piety under Trog
  2292 | D:3      | Reached skill level 6 in Unarmed Combat
  2292 | D:3      | HP: 2/91 [orc (8)]
  2624 | D:4      | Reached XP level 7. HP: 58/67 MP: 6/6
  2633 | D:4      | Reached skill level 7 in Unarmed Combat
  2660 | D:4      | Found a blossoming altar of Fedhas.
  2680 | D:4      | Found a runed translucent gate.
  2680 | D:4      | Found a runed translucent gate.
  2680 | D:4      | Found a runed translucent gate.
  2683 | D:4      | Noticed CraigForest's ghost (amateur DDNe)
  2689 | D:4      | Identified the +6 dagger "Wuweotre" {speed, rF+ Will+
                  | Dex-2}
  2689 | D:4      | Identified the +1 chain mail "Joreit" {rElec Regen+ Dex-3}
  3089 | D:5      | Entered Level 5 of the Dungeon
  3137 | D:5      | Found a runed translucent door.
  3141 | D:5      | Found Mipnywki's Distillery.
  3146 | D:5      | Found Wainn's Armour Shop.
  3146 | D:5      | Found Etuyle's Distillery.
  3153 | D:5      | Reached skill level 8 in Unarmed Combat
  3203 | D:5      | Found Pegosch Katat's Armour Shop.
  3205 | D:5      | Bought a potion of degeneration for 14 gold pieces
  3205 | D:5      | Bought a potion of lignification for 42 gold pieces
  3205 | D:5      | Bought a potion of heal wounds for 70 gold pieces
  3205 | D:5      | Bought a potion of ambrosia for 112 gold pieces
  3391 | D:5      | Reached **** piety under Trog
  3392 | D:5      | Reached XP level 8. HP: 77/78 MP: 7/7
  3509 | D:5      | Reached skill level 9 in Unarmed Combat
  3542 | D:5      | Reached skill level 1 in Stealth
  3589 | D:5      | Found a glowing silver altar of Zin.
  3629 | D:5      | Found a large runed translucent door.
  3630 | D:5      | Found a large runed translucent door.
  3747 | D:5      | Found a staircase to the Ecumenical Temple.
  3781 | D:5      | Noticed HuGe's ghost (amateur HOBe)
  4154 | D:6      | Found a sacrificial altar of Ru.
  4160 | D:6      | Reached skill level 10 in Unarmed Combat
  4217 | D:6      | Reached XP level 9. HP: 72/85 MP: 8/8
  4501 | D:6      | Found an ornate altar of the Wu Jian Council.
  4782 | D:7      | Found Eturphutz's Jewellery Shoppe.
  4950 | D:7      | Found a white marble altar of Elyvilon.
  5024 | D:7      | Reached skill level 11 in Unarmed Combat
  5355 | D:8      | Found a basalt altar of Yredelemnul.
  5871 | D:8      | Reached skill level 5 in Fighting
  5930 | D:8      | Reached skill level 12 in Unarmed Combat
  5940 | D:8      | Reached XP level 10. HP: 39/96 MP: 9/9
  6155 | D:8      | Reached ***** piety under Trog
  6339 | D:8      | Identified a scroll of acquirement
  6341 | D:8      | Acquired 598 gold pieces
  6514 | D:9      | Found Puquodiw's Book Boutique.
  6577 | D:9      | Received a gift from Trog
  6676 | D:9      | Reached skill level 13 in Unarmed Combat
  7154 | D:10     | Entered Level 10 of the Dungeon
  7160 | D:10     | Reached skill level 1 in Axes
  7161 | D:10     | Reached skill level 1 in Armour
  7161 | D:10     | Reached skill level 5 in Dodging
  7183 | D:10     | Found Amoustrof's Lightly-Used Armoury.
  7183 | D:10     | Noticed a two-headed ogre
  7190 | D:10     | Killed a two-headed ogre
  7401 | D:10     | Found a staircase to the Lair.
  7488 | D:10     | Reached XP level 11. HP: 75/105 MP: 10/10
  7499 | Lair:1   | Entered Level 1 of the Lair of Beasts
  8071 | Lair:1   | Upgraded the game from 0.28-a0-476-g0f06bd746f to
                  | 0.28-a0-479-g5baa6b73be
  8259 | Lair:2   | Noticed a seven-headed hydra
  8301 | Lair:2   | Noticed a six-headed hydra
  8307 | Lair:2   | Killed a three-headed hydra
  8309 | Lair:2   | Reached skill level 5 in Axes
  8376 | Lair:2   | Noticed an oklob plant
  8377 | Lair:2   | Noticed an oklob plant
  8431 | Lair:2   | Noticed a catoblepas
  8437 | Lair:2   | Killed a catoblepas
  8507 | Lair:2   | Noticed a five-headed hydra
  8509 | Lair:2   | Slain by a five-headed hydra

Illustrated notes

Levels and vault maps discovered:
D:1:      minmay_arrival_doors, layout_basic,
          shapermc_ecumenical_altar_hornbeckon, chequers_serial_rivers_small_b,
          minmay_small_reverse_x
D:2:      layout_basic
D:3:      cheibrodos_pilgrimage, layout_basic, serial_shops, shop_statue,
          uniq_sigmund
D:4:      layout_basic, kennysheep_mini, biasface_ghost_orc_armoury, nrook_uturn
D:5:      layout_rooms, lemuel_crystal_altar, jmf_multi_god_temple2,
          temple_hall, ebering_ghost_sewer_d, minmay_shop_grid_forest,
          kennysheep_generic_room_3
D:6:      layout_loops_ring, lemuel_doored_altar, hangedman_ru_absence,
          minmay_door_square
D:7:      layout_rooms, elyvilon_altar_3, serial_shops, shop
D:8:      minmay_razor_zed, layout_basic, overflow_temple_1_default, serial_ice,
          serial_ice_d, serial_ice_k, serial_ice_e, serial_ice_c
D:9:      layout_loops_ring, serial_shops, shop_fountains
D:10:     layout_long_grid, kennysheep_mini_moat, erik_lair_island, special_room
          [special_room_orc], grunt_decor_fettered, minmay_shop_damaged,
          item_on_display_a
Lair:1:   layout_cave_shapes, chequers_serial_rivers_micro_b,
          lemuel_fruit_fields, serial_bayou_shore_a, lemuel_fruit_fields,
          grunt_megastairs_3, lemuel_fruit_tree
Lair:2:   nzn_winding_woodlands_cross [nzn_winding_woodlands_5x15_garden,
          nzn_winding_woodlands_5x15_sawtooth,
          nzn_winding_woodlands_5x15_parted, nzn_winding_woodlands_5x15_twine,
          nzn_winding_woodlands_15x15_five_gardens], layout_long_grid,
          disabler_island, infiniplex_staircase_pool_2

Skill      XL: |  1  2  3  4  5  6  7  8  9 10 11 |
---------------+----------------------------------+-----
Unarmed Combat | 5 6 8 10 12 13 | 13.7
Fighting       | 3 4 5 6 7 |  7.2
Dodging        | 3 4 5 |  5.7
Stealth        | 1 2 |  2.4
Axes           | 3 5 |  5.8
Armour         | 1 3 |  3.3

Action                   |  1- 3 |  4- 6 |  7- 9 | 10-12 || total
-------------------------+-------+-------+-------+-------++-------
Melee: Unarmed           |   113 |   110 |   253 |    61 ||   537
       Punch             |     1 |     3 |    15 |     3 ||    22
       Executioner's axe |       |       |       |   166 ||   166
Invok: Berserk           |     1 |     1 |     2 |     9 ||    13
       Brothers in Arms  |       |       |       |     4 ||     4
       Trog's Hand       |       |       |       |     3 ||     3
Evoke: Wand              |       |       |       |     1 ||     1
  Use: Scroll            |       |       |     9 |     4 ||    13
       Potion            |       |       |       |     6 ||     6
 Stab: Sleeping          |       |       |     4 |     3 ||     7
       Distracted        |       |       |       |     1 ||     1
Armor: Animal skin       |    24 |    29 |    55 |     8 ||   116
       Troll leather arm |       |       |       |   111 ||   111
Dodge: Dodged            |    44 |    48 |   135 |   258 ||   485

Table legend: (Time is in decaauts)
 A = Elapsed time spent in this place.
 B = Non-inter-level travel time spent in this place.
 C = Inter-level travel time spent in this place.
 D = Time resting spent in this place.
 E = Time spent auto-exploring this place.
 F = Levels seen in this place.
 G = Mean time per level.
                   A        B        C        D        E       F      G
               +--------+--------+--------+--------+--------+-----+--------+
         Total |   8693 |   8165 |    528 |    276 |   6062 |  12 |  724.4 |
       Dungeon |   7574 |   7085 |    489 |    174 |   5451 |  10 |  757.4 |
          Lair |   1118 |   1079 |     39 |    101 |    611 |   2 |  559.0 |
               +--------+--------+--------+--------+--------+-----+--------+

Top non-repeatable levels by time:
     D:8: 1168 daAuts
     D:1: 1001 daAuts
     D:6: 856 daAuts
     D:9: 807 daAuts
     D:3: 787 daAuts
     D:2: 728 daAuts
  Lair:1: 719 daAuts
     D:4: 701 daAuts
     D:5: 632 daAuts
     D:7: 490 daAuts
  Lair:2: 399 daAuts
    D:10: 399 daAuts
